 Dungeon Sprint DCSS version 0.27.1-33-g824d729ab1 (webtiles) character file.

Game seed: 10323206254292756053

5399 Adenis the Ninja (level 10, -11/67 HPs)
             Began as a Vampire Brigand on Dec 4, 2021.
             Was an Elder of Dithmenos.
             Splashed by an oklob plant's acid (13 damage)
             ... in the Dungeon (Sprint I: "Red Sonja").
             The game lasted 00:09:35 (1053 turns).

Adenis the Ninja (Vampire Brigand)                  Turns: 1053, Time: 00:09:37

Health: -11/67     AC:  2    Str: 13    XL:     10   Next: 40%
Magic:  23/23      EV: 12    Int: 14    God:    Dithmenos [****..]
Gold:   694        SH:  0    Dex: 19    Spells: 28/28 levels left

rFire    . . .     SeeInvis +   k - +5 spear "Diosodd" {protect, Str+3}
rCold    . . .     Faith    .   (no shield)
rNeg     . . .     Spirit   .   b - +0 robe
rPois    .         Reflect  .   (no helmet)
rElec    .         Harm     .   c - +0 cloak
rCorr    .         Rampage  .   (no gloves)
Will     +....     NoTele   +   (no boots) Stlth ****++++++
                                (no amulet)
HPRegen  0.41/turn              (no ring)
MPRegen  0.18/turn              (no ring)

@: corroded, under a protective aura, healing quickly, wreathed by umbra
A: alive, fangs 3, see invisible, vampiric 2
a: Exsanguinate, Renounce Religion, Shadow Step


You were in the Dungeon.
You worshipped Dithmenos.
Dithmenos was greatly pleased with you.
You visited 1 branch You collected 864 gold pieces.
You spent 170 gold pieces at shops.

Inventory:

Hand Weapons
 a - a +2 dagger
 k - the +5 spear "Diosodd" (weapon) {protect, Str+3}
   (You found it in the Dungeon)

   It grants its wielder temporary protection when it strikes (+7 to AC).
   Str:       It affects your strength (+3).
 m - a +0 dagger of distortion
Missiles
 d - 8 poisoned darts (quivered)
 e - 6 curare-tipped darts
Armour
 b - a +0 robe (worn)
 c - a +0 cloak (worn)
Wands
 l - a wand of acid (5)
Scrolls
 f - a scroll of amnesia
 n - a scroll of summoning
 o - a scroll of vulnerability
 p - 3 scrolls of identify
Potions
 g - a potion of heal wounds
 h - 2 potions of haste
 i - 2 potions of magic
 j - 2 potions of invisibility


   Skills:
 - Level 1.7 Fighting
 * Level 10.5 Short Blades
 - Level 1.5 Throwing
 - Level 1.1 Dodging
 O Level 27 Stealth
 * Level 9.5 Spellcasting
 + Level 2.9 Evocations


You had 28 spell levels left.
You didn't know any spells.
Your spell library contained the following spells:

 Spells                   Type           Power      Damage    Failure   Level
 Chain Lightning          Conj/Air       3%         3d4       100%        9
 Fire Storm               Conj/Fire      3%         8d1       100%        9


Dungeon Overview and Level Annotations

Branches:
Dungeon (1/1)

Altars:
Cheibriados
Dithmenos
Elyvilon
Fedhas
Gozag
Hepliaklqana
Kikubaaqudgha
Makhleb
Nemelex Xobeh
Okawaru
Qazlal
Ru
Sif Muna
Trog
Uskayaw
Vehumet
Wu Jian
Xom
Yredelemnul
Zin
The Shining One
Jiyva
Lugonu

Shops:
D ??[

Annotations:
D exclusion: oklob plant


Innate Abilities, Weirdness & Mutations

Your natural rate of healing is accelerated.
You have razor-sharp teeth.
You have supernaturally acute eyesight. (SInv)
You are afflicted with vampirism and can become a bat while bloodless.


Message History

You hit the oklob plant.
The oklob plant is moderately damaged.
You hit the oklob plant.
The oklob plant is moderately damaged.
You hit the oklob plant.
The oklob plant is moderately damaged.
The oklob plant spits acid at you. The splash of acid hits you.
You are splashed with acid!
You hit the oklob plant.
The oklob plant is heavily damaged.
The oklob plant spits acid at you. The splash of acid hits you.
The acid corrodes you!
You are splashed with acid!
You hit the oklob plant but do no damage.
The oklob plant is heavily damaged.
You hit the oklob plant but do no damage.
The oklob plant is heavily damaged.
You hit the oklob plant.
The oklob plant is heavily damaged.
You hit the oklob plant but do no damage.
The oklob plant is heavily damaged.
You hit the oklob plant.
The oklob plant is heavily damaged.
You hit the oklob plant but do no damage.
You bite the oklob plant, but do no damage.
The oklob plant is heavily damaged.
The oklob plant spits acid at you. The splash of acid hits you!
You are splashed with acid!
* * * LOW HITPOINT WARNING * * *
You hit the oklob plant.
The oklob plant is severely damaged.
You hit the oklob plant but do no damage.
The oklob plant is severely damaged.
You hit the oklob plant but do no damage.
You bite the oklob plant, but do no damage.
The oklob plant is severely damaged.
The oklob plant spits acid at you. The splash of acid hits you!
* * * LOW HITPOINT WARNING * * *
The acid corrodes you!
You are splashed with acid!
You die...

##############################***
..#.)'..#__#h.'hh)#.(#h.§hhh§h,,,
..'..#..+.h'..#..h##'#§####hhh,,*
#'#####'#hh####)..h§h#§#,**#h§h**
..#...#.####.)#####§.h.#+*,*##+#,
###..##.#§§§§§#..##+####^,,*,*,**
__##'#_.§§§§.§§..#.○°,^*,,,***,,*
...'..._#≈§§§§#..#○○..,+,,,,,**,*
__##_.#'##'#####@###.9^*^,,,,*,,*
__###'#.#(...###P+,*...#**++**,**
#####.####'###)###,*..##*,,***,,*
...'...'.....'[∩#*,*..#***,,***,,
####...##########*,**+*,,*,,*,***
,**##.##*,,,,,,,**,**,*,,,,,,,,,*
,,*,#+#,*,,,,,,,,+,****,,,,,,,,,*
,,*,,,,,*+++******,*,,+,,,,,,****
,,*,,,,,*,,,,,,,,*,*****,,,***,,,


You could see an oklob plant.

Vanquished Creatures
  2 centaur warriors (D)
  Sonja (D)
  A deep troll (D)
  A lindwurm (D)
  2 kobold demonologists (D)
  4 demonic crawlers (D)
  A hornet (D)
  A slime creature (D)
  Sigmund (D)
  A yak (D)
  A hog (D)
  A floating eye (D)
  An ogre (D)
  A jelly (D)
  Ijyb (D)
20 creatures vanquished.

Vanquished Creatures (others)
  A gargoyle (D)
1 creature vanquished.

Grand Total: 21 creatures vanquished

Notes
Turn   | Place    | Note
-------+----------+-------------------------------------------
     0 | D        | Adenis the Vampire Brigand began the quest for the Orb.
     0 | D        | Reached XP level 1. HP: 16/16 MP: 1/1
     2 | D        | Noticed Ijyb
     6 | D        | Killed Ijyb
     7 | D        | Reached skill level 10 in Stealth
     7 | D        | Reached XP level 2. HP: 22/22 MP: 2/2
     8 | D        | Noticed an ogre
    12 | D        | Killed an ogre
    13 | D        | Reached skill level 14 in Stealth
    13 | D        | Gained mutation: You are afflicted with vampirism and can
                  | become a bat while bloodless. [Vampire growth]
    13 | D        | Reached XP level 3. HP: 20/27 MP: 3/3
    13 | D        | Reached XP level 4. HP: 24/33 MP: 4/4
    56 | D        | Noticed Sigmund
    60 | D        | Killed Sigmund
    61 | D        | Reached skill level 18 in Stealth
    61 | D        | Reached XP level 5. HP: 38/38 MP: 5/5
    61 | D        | Reached XP level 6. HP: 44/44 MP: 6/6
    74 | D        | Found a burning altar of Makhleb.
    74 | D        | Found a viscous altar of Jiyva.
    74 | D        | Found a shimmering altar of Xom.
    74 | D        | Found a corrupted altar of Lugonu.
    74 | D        | Noticed a slime creature
    77 | D        | Killed a slime creature
    78 | D        | Reached skill level 20 in Stealth
    80 | D        | Found an ornate altar of the Wu Jian Council.
    80 | D        | Found a shimmering blue altar of Sif Muna.
    82 | D        | Found a radiant altar of Vehumet.
    98 | D        | Found Teecseq's Magic Scroll Emporium.
    98 | D        | Found an ancient bone altar of Kikubaaqudgha.
    98 | D        | Found a hazy altar of Hepliaklqana.
    98 | D        | Found a stormy altar of Qazlal.
    98 | D        | Found a hide-covered altar of Uskayaw.
    98 | D        | Found a blossoming altar of Fedhas.
    98 | D        | Found a bloodstained altar of Trog.
    98 | D        | Found an iron altar of Okawaru.
    98 | D        | Found a basalt altar of Yredelemnul.
    98 | D        | Found a snail-covered altar of Cheibriados.
    98 | D        | Found a sacrificial altar of Ru.
    98 | D        | Found a shadowy altar of Dithmenos.
    98 | D        | Noticed a yak
    99 | D        | Found an opulent altar of Gozag.
   100 | D        | Killed a yak
   101 | D        | Reached skill level 21 in Stealth
   101 | D        | Reached XP level 7. HP: 49/49 MP: 7/7
   101 | D        | Found a sparkling altar of Nemelex Xobeh.
   108 | D        | Became a worshipper of Dithmenos the Shadowed
   136 | D        | Noticed Sonja
   141 | D        | Killed Sonja
   142 | D        | Reached skill level 23 in Stealth
   142 | D        | Reached XP level 8. HP: 6/55 MP: 7/12
   271 | D        | Noticed a deep troll
   275 | D        | Killed a deep troll
   276 | D        | Reached skill level 25 in Stealth
   285 | D        | Found Suycic's Armour Emporium.
   334 | D        | Noticed a kobold demonologist
   335 | D        | Noticed a kobold demonologist
   337 | D        | Reached * piety under Dithmenos
   339 | D        | Killed a kobold demonologist
   340 | D        | Reached skill level 5 in Short Blades
   340 | D        | Reached XP level 9. HP: 61/61 MP: 13/15
   342 | D        | Killed a kobold demonologist
   343 | D        | Reached skill level 26 in Stealth
   343 | D        | Reached skill level 1 in Evocations
   348 | D        | Noticed a demonic crawler
   348 | D        | Noticed a demonic crawler
   348 | D        | Noticed a demonic crawler
   348 | D        | Noticed a demonic crawler
   350 | D        | Killed a demonic crawler
   350 | D        | Reached ** piety under Dithmenos
   352 | D        | Killed a demonic crawler
   353 | D        | Reached skill level 5 in Spellcasting
   353 | D        | Killed a demonic crawler
   354 | D        | Reached skill level 27 in Stealth
   354 | D        | Killed a demonic crawler
   354 | D        | Reached *** piety under Dithmenos
   373 | D        | Noticed a lindwurm
   376 | D        | Killed a lindwurm
   389 | D        | Noticed a gargoyle
   411 | D        | Noticed a centaur warrior
   411 | D        | Noticed a centaur warrior
   418 | D        | Killed a centaur warrior
   419 | D        | Reached XP level 10. HP: 67/67 MP: 19/22
   419 | D        | Killed a centaur warrior
   420 | D        | Reached skill level 10 in Short Blades
   422 | D        | Identified the +5 spear "Diosodd" {protect, Str+3}
   422 | D        | Killed a gargoyle
   435 | D        | Paralysed by a hornet for 1 turns
   568 | D        | Bought a scroll of identify for 22 gold pieces
   568 | D        | Bought a scroll of identify for 22 gold pieces
   568 | D        | Bought a scroll of magic mapping for 38 gold pieces
   568 | D        | Bought a scroll of identify for 22 gold pieces
   568 | D        | Bought 2 scrolls of identify for 44 gold pieces
   568 | D        | Bought a scroll of identify for 22 gold pieces
   615 | D        | Found Aciabruw's Magic Scroll Boutique.
   891 | D        | Reached **** piety under Dithmenos
  1038 | D        | Noticed an oklob plant
  1053 | D        | HP: 2/67 [oklob plant/splash of acid (11)]
  1053 | D        | Splashed by an oklob plant's acid

Illustrated notes

Levels and vault maps discovered:
D:        dungeon_sprint_1 [red_sonja_temple_1, red_sonja_temple_small_1]

Skill      XL: |  1  2  3  4  5  6  7  8  9 10 |
---------------+-------------------------------+-----
Stealth        | 10 14 18 21 23 25 27 | 27.0
Short Blades   | 3 5 9 10 | 10.5
Spellcasting   | 2 4 8 9 |  9.5
Evocations     | 2 |  2.9
Fighting       | |  1.7
Throwing       | |  1.5
Dodging        | |  1.1

Action                   |  1- 3 |  4- 6 |  7- 9 | 10-12 || total
-------------------------+-------+-------+-------+-------++-------
Melee: Dagger            |     4 |     4 |    10 |    38 ||    56
       Bite              |     1 |       |       |     9 ||    10
       Spear             |       |       |       |    14 ||    14
Evoke: Wand              |       |       |     3 |     2 ||     5
  Use: Potion            |     1 |       |       |     1 ||     2
       Scroll            |       |       |       |     6 ||     6
 Stab: Sleeping          |     1 |     4 |    10 |     2 ||    17
Armor: Robe              |       |       |     1 |     5 ||     6
Dodge: Dodged            |       |       |     1 |    12 ||    13
